 Dungeon Crawl Stone Soup version 0.25.0-37-gb73750e0fb (console) character file.

Game seed: 2124756389058625046

14018 Kagalorn the Covert (level 12, -8/79 HPs)
             Began as an Octopode Ice Elementalist on July 9, 2020.
             Killed from afar by Erolcha (38 damage)
             ... with a bolt of lightning
             ... on level 11 of the Dungeon.
             The game lasted 00:35:46 (13094 turns).

Kagalorn the Covert (Octopode Ice Elementalist)    Turns: 13094, Time: 00:35:46

Health: -8/79      AC:  1    Str:  7    XL:     12   Next: 12%
Magic:  22/24      EV: 18    Int: 23    God:
Gold:   657        SH:  5    Dex: 12    Spells: 5/15 levels left

rFire    + + .     SeeInvis .   a - +10 war axe of Fedhas {vamp, rF+}
rCold    . . .     Gourm    .   C - +0 buckler
rNeg     . . .     Faith    .   (helmet restricted)
rPois    .         Spirit   .   x - amulet of regeneration
rElec    .         Reflect  .   J - ring of protection from fire
rCorr    .         Harm     .   I - ring of magical power
MR       .....                  (no ring)
Stlth    +++++.....             (no ring)
HPRegen  0.63/turn              (no ring)
MPRegen  0.19/turn              (no ring)
                                (no ring)
                                (no ring)

@: no status effects
A: almost no armour, stealthy swim, amphibious, 8 rings, constrict 8, camouflage
1, gelatinous body 1
a: no special abilities


You were on level 11 of the Dungeon.
You were very hungry.

You visited 3 branches of the dungeon, and saw 13 of its levels.

You collected 657 gold pieces.

Inventory:

Hand Weapons
 a - the +10 war axe of Fedhas (weapon) {vamp, rF+}
   (You found it on level 10 of the Dungeon)

   It inflicts no extra harm, but heals its wielder when it wounds a living foe.
   It protects you from fire.
 s - a +2 trident of protection
 u - a +0 war axe of flaming
 y - a +0 dagger
Missiles
 e - 7 boomerangs
 f - 35 bolts
 h - 121 arrows
 j - 477 stones
 t - 75 sling bullets
 A - 2 atropa-tipped darts
 D - 37 poisoned darts (quivered)
 G - a throwing net
 N - 6 javelins
Armour
 q - a +3 tower shield
 C - a +0 buckler (worn)
 K - a +0 kite shield
Jewellery
 x - an amulet of regeneration (around mantle)
 I - a ring of magical power (right tentacle)
 J - a ring of protection from fire (left tentacle)
Wands
 m - a wand of polymorph (14)
 v - a wand of iceblast (8)
 B - a wand of flame (32)
 M - a wand of disintegration (5)
Scrolls
 c - a scroll of enchant weapon
 g - 7 scrolls of amnesia
 i - 4 scrolls of blinking
 n - 7 scrolls of teleportation
 p - 10 scrolls of remove curse
 w - a scroll of fog
 F - 4 scrolls of fear
Potions
 d - a potion of cancellation
 k - 2 potions of magic
 l - 2 potions of heal wounds
 o - a potion of resistance
 r - a potion of might
 z - 3 potions of ambrosia
 E - 2 potions of curing
Comestibles
 b - 22 rations
 H - 3 chunks of flesh


   Skills:
 + Level 6.2 Fighting
 * Level 9.0 Axes
 - Level 10.0 Dodging
 - Level 10.0 Stealth
 + Level 7.5 Shields
 - Level 2.0 Spellcasting
 + Level 1.9 Transmutations
 - Level 8.0 Ice Magic
 + Level 1.9 Earth Magic


You had 5 spell levels left.
You knew the following spells:

 Your Spells              Type           Power        Failure   Level  Hunger
a - Freeze                Ice            ####         1%          1    #......
b - Frozen Ramparts       Ice            #####.       1%          3    ###....
c - Petrify               Tmut/Erth      ##......     50%         4    #####..
g - Passwall              Tmut/Erth      ##......     9%          2    ##.....

Your spell library contained the following spells:

 Spells                   Type           Power        Failure   Level  Hunger
 Sandblast                Erth           ##....       6%          1    #......
 Ozocubu's Armour         Chrm/Ice       ###.....     8%          3    ###....
 Animate Skeleton         Necr           N/A          13%         1    #......
 Pain                     Necr           #...         13%         1    #......
 Hailstorm                Conj/Ice       ###.....     24%         4    #####..
 Summon Ice Beast         Ice/Summ       ###.....     24%         4    #####..
 Stone Arrow              Conj/Erth      #.....       26%         3    ###....
 Vampiric Draining        Necr           #.........   36%         3    ###....
 Animate Dead             Necr           N/A          77%         4    #####..
 Lee's Rapid Deconstruct  Erth           ##........   85%         5    ######.
 Agony                    Necr           #.......     98%         5    ######.


Dungeon Overview and Level Annotations

Branches:
Dungeon (11/15)            Temple (1/1) D:5            Lair (1/6) D:8
    Orc (0/2) D:11

Altars:
Ashenzari
Cheibriados
Dithmenos
Elyvilon
Fedhas
Gozag
Hepliaklqana
Kikubaaqudgha
Makhleb
Nemelex Xobeh
Okawaru
Qazlal
Ru
Trog
Uskayaw
Vehumet
Wu Jian
Xom
Yredelemnul
Zin
The Shining One

Shops:
D:8 %   D:9 }

Annotations:
D:11 Erolcha


Innate Abilities, Weirdness & Mutations

You cannot wear most types of armour.
You are very stealthy in the water. (Stealth+)
You are amphibious.
You can wear up to eight rings at the same time.
You can use your tentacles to constrict eight enemies at once.
Your skin changes colour to match your surroundings (Stealth+).
Your rubbery body absorbs attacks. (AC +1, EV +1)


Message History

A stone arrow appears from out of thin air!
The stone arrow misses you.
The ogre zombie completely resists.
The wall freezes the ogre zombie but do no damage.
The wall freezes the ogre!
You feel much better.
The wall freezes something!
The ogre zombie completely resists.
The wall freezes the ogre zombie but do no damage.
You hear the crackling of a distant melting archway.
The wall freezes something.
You hear some strange, mumbled words.
Something tries to affect you, but you resist.
The wall freezes the ogre.
You kill the ogre!
The ogre zombie resists.
The wall freezes the ogre zombie.
There is a stone staircase leading up here.
The frozen ramparts melt away.
You hear some strange, mumbled words.
A bolt of lightning appears from out of thin air!
The bolt of lightning hits you!!!
You die...

..#......... .##
........ ##W# .......
#... #...... ...
#...... #.# #....))##
.#.# ##..## .#.#
..#..)#############
.#.#
#..#...Z{@<........#
=#.# #.#
#...####.....)..#ZZ.ZZZ
##.###.# #....#
#..###...#......
......# ..###..##..#
#...#......
>...8.#$...#.##..#..#
#>.........
.o....######..##....#
#........ZW
..⌠............##...#
#....8...>W
......######).##....#
#.........W
8...<.#(...#(##..#†.#
#..........


You could see an ogre zombie.

Vanquished Creatures
  Harold (D:7)
  A hydra (D:10)
  2 two-headed ogres
  A fire crab (shapeshifter) (D:10)
  A wizard (D:11)
  Pikel (D:8)
  A manticore (D:11)
  2 ugly things (D:10)
  A deep elf mage (D:10)
  A gargoyle (D:10)
  Maggie (D:7)
  A meliai (D:10)
  A hornet (D:11)
  A troll (D:10)
  A meliai zombie (D:11)
  2 hippogriffs
  A human (D:8)
  A shadow (D:10)
  A wyvern (D:10)
  5 yaks
  2 hogs (D:8)
  4 porcupines
  4 water moccasins
  4 orc warriors
  2 ice beasts (D:10)
  4 sky beasts
  3 slaves (D:8)
  A necrophage (D:8)
  2 phantoms
  10 ogres
  4 centaurs
  3 big kobolds
  4 bullfrogs
  4 scorpions
  4 crimson imps
  4 bullfrog zombies
  A hound (D:4)
  8 orc priests
  Crazy Yiuf (D:4)
  A bullfrog skeleton (D:11)
  3 orc wizards
  A centaur skeleton (D:7)
  2 iguanas
  10 worker ants
  2 ogre zombies (D:11)
  A hound zombie (D:5)
  2 hound skeletons
  A worker ant zombie (D:7)
  11 adders
  8 gnolls
  2 shadow imps
  2 adder skeletons
  2 worms
  A dart slug (D:2)
  6 leopard geckos
  27 orcs
  2 giant cockroaches
  6 goblins
  6 hobgoblins
  14 jackals
  5 quokkas
  A ball python (D:1)
  7 bats
  6 frilled lizards
  A goblin skeleton (D:11)
  A goblin zombie (D:11)
  24 kobolds
  A leopard gecko skeleton (D:4)
  An orc zombie (D:11)
  A quokka skeleton (D:7)
  7 rats
261 creatures vanquished.

Vanquished Creatures (others)
  A sky beast (D:8)
  A bullfrog (D:8)
2 creatures vanquished.

Grand Total: 263 creatures vanquished

Notes
Turn   | Place    | Note
-------+----------+-------------------------------------------
     0 | D:1      | Kagalorn the Octopode Ice Elementalist began the quest for
                  | the Orb.
     0 | D:1      | Reached XP level 1. HP: 11/11 MP: 3/3
   516 | D:1      | Reached XP level 2. HP: 17/17 MP: 1/5
  1054 | D:2      | Reached XP level 3. HP: 14/21 MP: 4/6
  1669 | D:2      | Found a faded altar of an unknown god.
  1831 | D:3      | Learned a level 3 spell: Frozen Ramparts
  2004 | D:3      | Reached XP level 4. HP: 17/27 MP: 3/7
  2358 | D:3      | Found a shattered altar of Ashenzari.
  2414 | D:3      | Reached skill level 5 in Ice Magic
  2742 | D:3      | Reached XP level 5. HP: 17/31 MP: 4/8
  3495 | D:4      | Reached XP level 6. HP: 12/36 MP: 5/9
  3600 | D:4      | Reached skill level 5 in Stealth
  4147 | D:4      | Noticed a phantom
  4603 | D:4      | Found a runed translucent door.
  4604 | D:4      | Noticed Crazy Yiuf
  4614 | D:4      | Killed Crazy Yiuf
  4918 | D:5      | Entered Level 5 of the Dungeon
  4925 | D:5      | Reached XP level 7. HP: 35/41 MP: 10/10
  5144 | D:5      | Found a staircase to the Ecumenical Temple.
  5154 | Temple   | Entered the Ecumenical Temple
  5389 | D:5      | Found a sacrificial altar of Ru.
  5433 | D:5      | Found an iron altar of Okawaru.
  5435 | D:5      | Found a snail-covered altar of Cheibriados.
  5440 | D:5      | Found a stormy altar of Qazlal.
  5443 | D:5      | Found a white marble altar of Elyvilon.
  5443 | D:5      | Found an ornate altar of the Wu Jian Council.
  5444 | D:5      | Found a burning altar of Makhleb.
  5815 | D:5      | Reached skill level 1 in Shields
  6259 | D:6      | Reached XP level 8. HP: 46/46 MP: 6/11
  6568 | D:6      | Reached skill level 5 in Dodging
  6945 | D:7      | Noticed Harold
  7092 | D:7      | Killed Harold
  7092 | D:7      | Reached XP level 9. HP: 30/51 MP: 0/12
  7320 | D:7      | Reached skill level 10 in Stealth
  7594 | D:7      | Noticed Maggie
  7641 | D:7      | Killed Maggie
  7852 | D:8      | Reached skill level 1 in Axes
  7876 | D:8      | Reached skill level 1 in Fighting
  7903 | D:8      | Reached XP level 10. HP: 10/59 MP: 9/13
  8046 | D:8      | Found a staircase to the Lair.
  8289 | D:8      | Found Koasust's Food Emporium.
  8411 | D:8      | Reached skill level 5 in Shields
  8623 | D:8      | Noticed Pikel
  8653 | D:8      | Killed Pikel
  8893 | D:8      | Reached skill level 5 in Axes
  9883 | D:9      | Found Efrulo Xagit's Gadget Emporium.
 10005 | D:9      | Found a shadowy altar of Dithmenos.
 10243 | D:10     | Entered Level 10 of the Dungeon
 10420 | D:10     | Reached XP level 11. HP: 68/68 MP: 14/14
 10499 | D:10     | Noticed a two-headed ogre
 10516 | D:10     | Killed a two-headed ogre
 10684 | D:10     | Learned a level 2 spell: Passwall
 10689 | D:10     | Learned a level 4 spell: Petrify
 11032 | D:10     | Noticed a deep elf mage
 11032 | D:10     | Noticed a green ugly thing
 11033 | D:10     | Noticed a green ugly thing
 11033 | D:10     | Noticed a four-headed hydra
 11059 | D:10     | Killed a green ugly thing
 11112 | D:10     | Killed a green ugly thing
 11227 | D:10     | Killed a three-headed hydra
 11227 | D:10     | Reached skill level 5 in Fighting
 11296 | D:10     | Noticed a fire crab
 11305 | D:10     | Killed a fire crab
 11512 | D:10     | Killed a deep elf mage
 11512 | D:10     | Reached skill level 10 in Dodging
 11523 | D:10     | Got an ivory war axe
 11528 | D:10     | Identified the +10 war axe of Fedhas {vamp, rF+} (You found
                  | it on level 10 of the Dungeon)
 12136 | Lair:1   | Entered Level 1 of the Lair of Beasts
 12725 | D:4      | You fall into a shaft and drop 3 floors!
 12790 | D:11     | Noticed a two-headed ogre
 12798 | D:11     | Noticed a manticore
 12808 | D:11     | Killed a two-headed ogre
 12808 | D:11     | Reached skill level 1 in Transmutations
 12808 | D:11     | Reached skill level 1 in Earth Magic
 12809 | D:11     | Killed a manticore
 12809 | D:11     | Reached XP level 12. HP: 31/78 MP: 15/15
 12991 | D:11     | Noticed a two-headed ogre
 13030 | D:11     | Found a staircase to the Orcish Mines.
 13072 | D:11     | Noticed Erolcha
 13094 | D:11     | Killed from afar by Erolcha

Illustrated notes

Levels and vault maps discovered:
D:1:      dpeg_arrival_simpleton_a, layout_basic
D:2:      layout_loops_ring, first_ration, chequers_ecumenical_altar_simple
D:3:      layout_basic, ashenzari_conservatory_becter, grunt_decor_one_mirror,
          grunt_ministairs_12, kennysheep_generic_room_14
D:4:      layout_basic, marbit_many_paths, uniq_crazy_yiuf_cottage
D:5:      layout_rooms, grunt_temple_overflow_open, minmay_temple_entry_mist,
          basic_altar
D:6:      layout_rooms, st_stairs_12
D:7:      layout_gridville, uniq_maggie, uniq_harold
D:8:      layout_loops_corners, grunt_lair_entry_orc_guard_hut, serial_shops,
          nicolae_shop_waterfront, grunt_livestock, roderic_malta_cross,
          uniq_pikel
D:9:      layout_irregular_city, kennysheep_mini, serial_shops,
          kennysheep_mini_moat
D:10:     layout_loops_ring, hangedman_abyss_or_decor_stagger, minivault_28
D:11:     minmay_inside_and_out, layout_small_grid, zombieorc2_lemuel,
          nicolae_trove_entry_path_of_doom, portal_ice_cave_rime,
          gammafunk_ghost_berserking_beasts, uniq_erolcha
Temple:   nicolae_temple_figure_eight
Lair:1:   layout_long_grid, fungi_pond_lemuel, grunt_megastairs_1

Skill      XL: |  1  2  3  4  5  6  7  8  9 10 11 12 |
---------------+-------------------------------------+-----
Stealth        | 3 4 5 6 9 10 | 10.0
Ice Magic      | 5 6 7 8 |  8.0
Dodging        | 3 4 6 8 9 10 | 10.0
Shields        | 1 4 5 7 |  7.5
Axes           | 2 6 8 9 |  9.0
Fighting       | 1 4 6 |  6.2
Transmutations | 1 |  1.9
Earth Magic    | 1 |  1.9
Spellcasting   | |  2.0

Action                   |  1- 3 |  4- 6 |  7- 9 | 10-12 || total
-------------------------+-------+-------+-------+-------++-------
Melee: Unarmed           |     3 |       |       |       ||     3
       Constrict         |     9 |    11 |    22 |    28 ||    70
       Dagger            |    23 |    46 |       |       ||    69
       Tentacles         |     1 |     3 |    21 |    35 ||    60
       Mace              |       |     4 |    42 |       ||    46
       Trident           |       |       |    67 |       ||    67
       War axe           |       |       |    13 |   184 ||   197
Throw: Dart              |       |       |    12 |    13 ||    25
       Stone             |       |       |     2 |       ||     2
 Cast: Freeze            |    43 |    20 |    24 |    13 ||   100
       Frozen Ramparts   |     2 |    15 |    28 |    64 ||   109
Evoke: Wand              |       |       |     1 |     1 ||     2
  Use: Scroll            |     5 |     5 |    11 |     2 ||    23
       Potion            |       |       |       |     2 ||     2
 Stab: Sleeping          |     6 |    13 |     8 |    10 ||    37
       Distracted        |       |       |     1 |     1 ||     2
  Eat: Chunk             |     4 |     9 |    15 |     8 ||    36
       Ration            |       |       |       |     4 ||     4
Armor: Skin              |     7 |     2 |     9 |     6 ||    24
Dodge: Dodged            |    31 |    39 |   100 |   141 ||   311
Block: Buckler           |       |       |    26 |    44 ||    70
